 Dungeon Crawl Stone Soup version 0.29.1-12-g30fa7ad0bf (webtiles) character file.

Game seed: 8174706448593216049

1955 CaptainMV the Conjurer (level 8, -2/63 HPs)
             Began as a Red Draconian Conjurer on Dec 16, 2022.
             Was a Follower of Nemelex Xobeh.
             Slain by a troll (3 damage)
             ... on level 6 of the Dungeon.
             The game lasted 01:04:08 (6721 turns).

CaptainMV the Conjurer (Red Draconian Conjurer)     Turns: 6721, Time: 01:04:12

Health: -2/63      AC:  8    Str:  9    XL:     8   Next: 99%
Magic:  2/25       EV: 13    Int: 21    God:    Nemelex Xobeh [*.....]
Gold:   408        SH:  0    Dex: 10    Spells: 9/18 levels left

rFire   + . .      SeeInvis .   c - +3 whip (elec)
rCold   . . .      Faith    .   (no shield)
rNeg    + . .      Spirit   .   (body armour unavailable)
rPois   .          Reflect  .   (helmet restricted)
rElec   .          Harm     .   f - +0 cloak
rCorr   .          Rampage  .   (no gloves)
Will    +++..      Clarity  +   s - +0 pair of boots
Stlth   ++........              x - amulet of the Four Winds {rN+ Will+++ Clar}
HPRegen 0.20/turn               y - ring of magical power
MPRegen 0.19/turn               (no ring)

@: short of breath, very slightly contaminated
A: breathe fire, AC +6, unfitting armour, fire resistance 1, cold-blooded
a: Breathe Fire, Renounce Religion, Draw Escape, Draw Destruction, Draw
Summoning


You were on level 6 of the Dungeon.
You worshipped Nemelex Xobeh.
Nemelex Xobeh was aware of your devotion.
You visited 2 branches of the dungeon, and saw 7 of its levels.

You collected 408 gold pieces.

Inventory:

Hand Weapons
 b - a +0 hand axe
 c - a +3 whip of electrocution (weapon)
 j - a +0 shortbow
Missiles
 d - 10 poisoned darts (quivered)
Armour
 f - a +0 cloak (worn)
 s - a +0 pair of boots (worn)
Jewellery
 x - the amulet of the Four Winds (around neck) {rN+ Will+++ Clar}
   (You found it on level 4 of the Dungeon)

   [amulet of nothing]

   rN:        It protects you from negative energy.
   Clar:      It protects you against confusion.
   Will:      It greatly increases your willpower.
 y - a ring of magical power (left hand)
Wands
 l - a wand of quicksilver (7)
 n - a wand of flame (17)
Scrolls
 e - a scroll of immolation
 i - 2 scrolls of teleportation
 m - 2 scrolls of enchant weapon
 o - a scroll of blinking
 u - 2 scrolls of amnesia
 v - 2 scrolls of fear
 z - 2 scrolls of noise {unknown}
 A - a scroll of silence {unknown}
 D - a scroll of enchant armour {unknown}
Potions
 a - a potion of magic
 g - 2 potions of flight
 h - 3 potions of invisibility {unknown}
 k - 2 potions of resistance {unknown}
 p - 5 potions of attraction
 q - a potion of mutation {unknown}
 r - 3 potions of curing {unknown}
 t - 4 potions of brilliance {unknown}
 w - 4 potions of lignification {unknown}
 B - a potion of experience {unknown}
 C - a potion of degeneration {unknown}


   Skills:
 + Level 3.1 Fighting
 + Level 0.9(3.1) Axes
 + Level 4.7(4.8) Maces & Flails
 + Level 4.1 Dodging
 + Level 3.2 Stealth
 + Level 5.9 Spellcasting
 + Level 6.8 Conjurations
 + Level 0.2 Hexes
 + Level 2.3 Translocations


You had 9 spell levels left.
You knew the following spells:

 Your Spells              Type           Power      Damage    Failure   Level
a - Magic Dart            Conj           100%       1d8       1%          1
b - Iskenderun's Mystic   Conj/Tloc      25%        2d7       16%         4
c - Fulminant Prism       Conj/Hex       10%        3d9       22%         4

Your spell library contained the following spells:

 Spells                   Type           Power      Damage    Failure   Level
 Searing Ray              Conj           68%        2d6       1%          2
 Shock                    Conj/Air       80%        1d8       2%          1
 Dazzling Flash           Conj/Hex       42%        N/A       7%          3
 Beastly Appendage        Tmut           12%        N/A       10%         1
 Wereblood                Tmut           6%         N/A       16%         2
 Spider Form              Tmut/Pois      6%         N/A       30%         3
 Swiftness                Air            6%         N/A       30%         3
 Airstrike                Air            3%         2d(1-17)  69%         4


Dungeon Overview and Level Annotations

Branches:
Dungeon (6/15)             Temple (1/1) D:5

Altars:
Ashenzari
Cheibriados
Dithmenos
Fedhas
Gozag
Hepliaklqana
Kikubaaqudgha
Nemelex Xobeh
Okawaru
Qazlal
Ru
Trog
Uskayaw
Xom
Yredelemnul
Zin
The Shining One

Annotations:
D:6 1 transporter, laros's ghost, novice MiBe


Innate Abilities, Weirdness & Mutations

You can breathe blasts of fire.
Your fiery red scales are hard. (AC +6)
You cannot fit into any form of body armour.
Your flesh is heat resistant. (rF+)
You are cold-blooded and may be slowed by cold attacks.


Message History

Nothing appears to happen.
The troll closely misses you. x2
The troll misses you.
Your fulminant prism crackles loudly.
Casting: Iskenderun's Mystic Blast (dangerous; 16% risk of failure)
Confirm with . or Enter, or press ? or * to list all spells.
You miscast Iskenderun's Mystic Blast.
Nothing appears to happen.
The kobold brigand barely misses you. The troll misses you.
The troll claws you. x2
Your fulminant prism explodes!
The blast of energy engulfs laros's ghost!!
Laros's ghost is heavily damaged.
The blast of energy engulfs the kobold brigand!!
You kill the kobold brigand!
The blast of energy engulfs the white imp!
You kill the white imp!
The blast of energy engulfs the gargoyle!
The gargoyle is severely damaged.
Casting: Iskenderun's Mystic Blast (dangerous; 16% risk of failure)
Confirm with . or Enter, or press ? or * to list all spells.
You miscast Iskenderun's Mystic Blast.
A wave of violent energy washes through your body!
The gargoyle closely misses you. Laros's ghost hits you.
The troll bites you but does no damage. The troll claws you!
* * * LOW HITPOINT WARNING * * *
The troll claws you but does no damage.
Casting: Iskenderun's Mystic Blast (dangerous; 16% risk of failure)
Confirm with . or Enter, or press ? or * to list all spells.
You miscast Iskenderun's Mystic Blast.
A wave of violent energy washes through your body!
* * * LOW HITPOINT WARNING * * *
The gargoyle hits you but does no damage.
Laros's ghost hits you but does no damage.
The troll completely misses you.
The troll claws you but does no damage. x2
You draw a card...
You have drawn the Rangers.
The gargoyle hurls a stone arrow at you.
The stone arrow misses you. Laros's ghost hits you.
* * * LOW HITPOINT WARNING * * *
The troll bites you.
You die...
Your body disappears without a glow.

########.###.##### #
##.............##.## # #.#
#..................## # #.#
#...#########.......## # #.#
#..##.......##.......# # #.#
#..#8..=....8#......# ### #.#
#..#.........#.....## #.. #.#
##..#?....Wc..#..#.## #.8 #.#
#..©#)..T@)..°#©...# ###..
#.#####...#$..c.9...#....# #....
#.........#.........#....###.#..
#######...#8.......8#..##.##....
##..##©......##..###......
#...#########...##.##.#..
#...............#.###.#..
###................## #...8
#.....#######..##.## ###..


You could see a troll (ally target), a gargoyle, laros's ghost (ally target) and
2 friendly centaur warriors.

Vanquished Creatures
  A wyvern (D:6)
  2 ogres
  A centaur (D:5)
  A kobold brigand (D:6)
  2 bullfrogs
  A necrophage (D:5)
  3 scorpions
  3 killer bees (D:6)
  A howler monkey (D:5)
  2 jellies
  3 orc priests (D:6)
  A gnoll bouda (D:5)
  6 hounds
  Terence (D:2)
  5 iguanas
  4 orc wizards
  5 gnolls (D:5)
  15 adders
  A shadow imp (D:5)
  4 white imps
  An ufetubus (D:6)
  3 worms
  3 dart slugs
  12 orcs
  7 endoplasms
  8 giant cockroaches
  5 goblins
  9 hobgoblins
  4 jackals
  6 quokkas
  6 ball pythons
  5 bats
  5 frilled lizards
  13 kobolds
  13 rats
162 creatures vanquished.

Vanquished Creatures (others)
  4 fulminant prisms (D:6)
  A plant (D:1)
5 creatures vanquished.

Grand Total: 167 creatures vanquished

Notes
Turn   | Place    | Note
-------+----------+-------------------------------------------
     0 | D:1      | CaptainMV the Draconian Conjurer began the quest for the
                  | Orb.
     0 | D:1      | Reached XP level 1. HP: 14/14 MP: 3/3
   155 | D:1      | Reached XP level 2. HP: 22/22 MP: 5/5
   393 | D:1      | Reached XP level 3. HP: 27/27 MP: 4/6
   995 | D:2      | Found a faded altar of an unknown god.
  1234 | D:2      | Reached skill level 1 in Maces & Flails
  1349 | D:2      | Reached XP level 4. HP: 34/34 MP: 3/7
  1442 | D:2      | Noticed Terence
  1455 | D:2      | Killed Terence
  2509 | D:3      | Identified the +0 robe of Zahixtia {rElec Stlth+}
  2544 | D:3      | Reached XP level 5. HP: 31/39 MP: 0/9
  3058 | D:4      | Identified the +0 helmet of Thoughtfulness {Regen+ Int+4}
  3091 | D:4      | Found the amulet of the Four Winds {rN+ Will+++ Clar}
  3113 | D:4      | Reached skill level 1 in Fighting
  3124 | D:4      | Reached skill level 5 in Conjurations
  3218 | D:4      | Noticed an ogre
  3231 | D:4      | Killed an ogre
  3232 | D:4      | Reached XP level 6. HP: 23/47 MP: 0/11
  3556 | D:4      | Found a sacrificial altar of Ru.
  3846 | D:5      | Entered Level 5 of the Dungeon
  3903 | D:5      | Learned a level 4 spell: Iskenderun's Mystic Blast
  3911 | D:5      | Your scales start taking on a fiery red colour.
  3911 | D:5      | Reached XP level 7. HP: 51/52 MP: 10/13
  3911 | D:5      | Gained mutation: Your flesh is heat resistant. (rF+) [Red
                  | Draconian growth]
  3953 | D:5      | Found an ancient bone altar of Kikubaaqudgha.
  4186 | D:5      | Reached skill level 6 in Conjurations
  4279 | D:5      | Reached skill level 1 in Translocations
  4605 | D:5      | Found a staircase to the Ecumenical Temple.
  4612 | D:5      | Reached XP level 8. HP: 61/61 MP: 15/15
  4613 | D:5      | Reached skill level 5 in Spellcasting
  4627 | Temple   | Entered the Ecumenical Temple
  4909 | Temple   | Became a worshipper of Nemelex Xobeh the Trickster
  5882 | D:6      | Reached * piety under Nemelex Xobeh
  6186 | D:6      | Found a transporter.
  6189 | D:6      | Noticed a gargoyle
  6191 | D:6      | Noticed laros's ghost (novice MiBe)
  6194 | D:6      | Noticed a troll
  6198 | D:6      | Found a transporter.
  6213 | D:6      | Learned a level 4 spell: Fulminant Prism
  6415 | D:6      | Received a gift from Nemelex Xobeh
  6449 | D:6      | Found an iron altar of Okawaru.
  6614 | D:6      | Found a hide-covered altar of Uskayaw.
  6721 | D:6      | HP: 1/63 [laros's ghost (6)]
  6721 | D:6      | Slain by a troll

Illustrated notes

Levels and vault maps discovered:
D:1:      nagdon_arrival_zigzag_paths, layout_loops_ring, serial_bayou,
          serial_bayou_crossing, serial_bayou_shore_a, serial_bayou_shore_b,
          serial_bayou_pond_a
D:2:      layout_basic, hellmonk_ecumenical_altar_crossroads,
          chequers_serial_rivers_room_a, chequers_serial_rivers_small_3,
          amcnicky_mini_pool_small, uniq_terence
D:3:      layout_basic, uniq_crazy_yiuf_cottage
D:4:      minmay_clustersquares, layout_cave_pods,
          mainiacjoe_overflow_small_starburst
D:5:      minmay_thinvault, layout_gridville, mainiacjoe_overflow_24_doors,
          minmay_temple_entry_crystal_x
D:6:      layout_loops_ring, mainiacjoe_overflow_paths,
          eat_drink_and_be_merry_uskayaw, gammafunk_ghost_arena
Temple:   oiseaux_autumnal_temple

Skill      XL: |  1  2  3  4  5  6  7  8 |
---------------+-------------------------+-----
Dodging        | 2 3 4 |  4.1
Stealth        | 2 3 |  3.2
Maces & Flails | 1 2 3 4 |  4.7
Spellcasting   | 3 4 5 |  5.9
Fighting       | 1 2 3 |  3.1
Conjurations   | 5 6 |  6.8
Translocations | 1 2 |  2.3
Axes           | |  0.9
Hexes          | |  0.2

Action                   |  1- 3 |  4- 6 |  7- 9 || total
-------------------------+-------+-------+-------++-------
Melee: Hand axe          |    16 |       |       ||    16
       Whip              |    74 |    72 |   114 ||   260
       Tailslap          |    10 |     7 |    12 ||    29
       Punch             |     2 |       |       ||     2
Throw: Dart              |       |     1 |       ||     1
 Cast: Magic Dart        |    51 |    96 |    60 ||   207
       Iskenderun's Myst |       |       |    22 ||    22
       Fulminant Prism   |       |       |     4 ||     4
Invok: Draw Summoning    |       |       |     1 ||     1
 Abil: Breathe Fire      |       |       |     6 ||     6
  Use: Scroll            |       |     8 |     2 ||    10
Armor: Skin              |    23 |    14 |    67 ||   104
Dodge: Dodged            |    53 |    44 |   115 ||   212
